Map: Frozen Temple

Players

Jimtoni - Winner!

  • Race: Terran Terran
  • League: Master

A.I. 1 (Very Easy)

  • Race: Terran Terran

VOD

Have the link to the VOD?

Description

Time

  • Played on: April 2, 2016, 3:23 a.m.
  • Length: 7:51
Show
View Real Time Build Order
Export as new Build Order

Jimtoni Terran - Winner!

Build Orders: Reaper Expand, MMM Bio 

Get SALT Encoding   

  12  0:01  SCV  
  13  0:13  SCV  
  14  0:18  Supply Depot  
  14  0:25  SCV  
  15  0:39  SCV  
  15  0:41  Barracks  
  16  0:44  Refinery  
  16  0:51  SCV  
  17  1:04  SCV  
  18  1:16  SCV  
  19  1:28  Orbital Command  
  19  1:29  Reaper  
  20  1:41  Command Center  
  20  1:50  Supply Depot  
  20  1:54  SCV  
  21  2:02  Barracks Reactor  
  21  2:05  Barracks  
  21  2:09  SCV  
  22  2:21  SCV  
  22  2:22  Factory  
  23  2:29  Refinery  
  23  2:33  SCV  
  24  2:38  Marine x2  
  26  2:45  SCV  
  27  2:53  Orbital Command  
  27  2:55  Barracks Tech Lab, Refinery  
  27  2:57  SCV  
  28  3:00  Marine x2  
  30  3:10  SCV  
  31  3:14  Stimpack  
  31  3:16  Factory Tech Lab  
  31  3:21  Marine x2  
  31  3:22  SCV, Marine  
  35  3:29  Starport  
  35  3:32  SCV  
  36  3:40  Siege Tank  
  39  3:50  SCV x2, Supply Depot  
  39  3:52  Marine x2  
  39  3:55  Marine  
  45  4:02  SCV  
  45  4:03  SCV  
  46  4:11  Marine x2  
  46  4:13  Marauder  
  46  4:15  Supply Depot  
  46  4:16  Medivac  
  52  4:27  SCV  
  52  4:28  SCV  
  54  4:37  Marine x2, Siege Tank, Marauder  
  61  4:39  SCV  
  61  4:42  Supply Depot  
  62  4:48  Supply Depot  
  62  5:04  SCV x2, Marine x2, Medivac, Marauder  
  70  5:08  Supply Depot  
  70  5:10  Siege Tank  
  73  5:16  SCV x2  
  73  5:17  Supply Depot  
  75  5:22  Marine x2  
  75  5:24  Combat Shields  
  77  5:28  SCV  
  77  5:30  SCV, Marauder  
  81  5:38  Supply Depot  
  81  5:40  SCV  
  81  5:42  SCV  
  83  5:47  Siege Tank  
  83  5:48  Starport Reactor  
  86  5:53  Marine, Engineering Bay  
  86  5:54  Marine, Marauder, Engineering Bay  
  90  5:57  SCV x2  
  92  6:09  SCV x2  
  93  6:13  Command Center  
  93  6:16  Marine x2  
  95  6:20  Marauder  
  95  6:22  SCV  
  95  6:23  SCV  
  99  6:34  SCV  
  99  6:38  Marine x2  
  102  6:42  Barracks  
  102  6:50  Supply Depot  
  102  6:52  Supply Depot  
  102  6:53  SCV x2, Medivac  
  108  6:58  Medivac  
  108  7:05  SCV x2  
  110  7:12  Marine x2, Siege Tank, Marauder  
  117  7:23  Supply Depot  
  117  7:27  Supply Depot  
  117  7:31  Barracks Reactor  
  117  7:33  Barracks  
  117  7:38  Barracks  
Show
View Real Time Build Order
Export as new Build Order

A.I. 1 (Very Easy) Terran 

Build Orders:  

Get SALT Encoding   

  12  0:00  SCV  
  13  0:13  SCV  
  14  0:19  Supply Depot  
  14  0:38  Refinery  
  14  0:44  Barracks  
  14  1:05  Supply Depot  
  14  1:14  Refinery  
  14  1:31  SCV  
  14  1:32  Marine  
  16  1:43  SCV  
  17  1:55  SCV  
  18  2:07  SCV  
  18  2:08  Marine  
  20  2:19  SCV  
  21  2:31  SCV  
  22  2:43  Orbital Command  
  22  2:44  Marine  
  23  5:34  SCV  
  23  6:03  SCV  
  23  6:04  Marine  
  24  6:06  Supply Depot  
  24  6:08  Factory  
  25  6:13  Command Center  
  25  6:15  SCV  
  23  6:27  SCV  
  23  6:29  Supply Depot  
  24  6:37  Marine  
  25  6:40  SCV  
  25  6:52  SCV  
  25  6:56  Starport, Barracks Tech Lab  
  24  7:04  SCV  
  24  7:16  SCV  
  21  7:28  SCV  
  15  7:30  Supply Depot  
  8  7:38  Starport Tech Lab  
Tags
 
Composition
MMM Bio
League
Master
Matchup
TvT
Race
Terran
Add a new tag
Caveats
  • Supply blocks, unpowered buildings, or Contaminate may cause inaccurate times.
  • Supply counts are checked every 10 seconds.